 Dungeon Crawl Stone Soup version 0.19-a0-1072-g3763c35 (webtiles) character file.

240 Jmtri7 the Covert (level 5, 7/25 HPs)
             Began as a Spriggan Hunter on Aug 5, 2016.
             Was an Initiate of Qazlal.
             Quit the game on level 4 of the Dungeon.
             The game lasted 00:06:11 (2347 turns).

Jmtri7 the Covert (Spriggan Hunter)                 Turns: 2347, Time: 00:06:11

Health: 7/25       AC:  2    Str:  8    XL:     5   Next: 79%
Magic:  6/6        EV: 18    Int: 12    God:    Qazlal [......]
Gold:   155        SH:  0    Dex: 18    Spells: 0 memorised, 4 levels left

rFire  . . .     SeeInvis +     a - +1 hand crossbow
rCold  . . .     Gourm    .     c - +0 robe
rNeg   . . .     Faith    .     (shield restricted)
rPois  .         Spirit   .     (helmet restricted)
rElec  .         Dismiss  .     (no cloak)
rCorr  .         Reflect  .     (gloves unavailable)
SustAt .         Harm     .     (boots unavailable)
MR     .....                    (no amulet)
Stlth  +++++.....               (no ring)
                                (no ring)

@: very quick
A: unfitting armour, see invisible, herbivore 3, speed 3, slow metabolism 2
a: Renounce Religion


You were on level 4 of the Dungeon.
You worshipped Qazlal.
Qazlal was noncommittal.
You were not hungry.

You visited 2 branches of the dungeon, and saw 5 of its levels.

You collected 155 gold pieces.

Inventory:

Hand Weapons
 a - a +1 hand crossbow (weapon)
 b - a +0 short sword
Armour
 c - a +0 robe (worn)
Jewellery
 u - an uncursed amulet of faith {unknown}
Wands
 o - a wand of hasting (5/9)
Scrolls
 g - 2 scrolls of teleportation {unknown}
 i - 2 scrolls of immolation {unknown}
 j - 2 scrolls of fog {unknown}
 l - a scroll of identify {unknown}
 q - a scroll of blinking {unknown}
 r - a scroll of remove curse {unknown}
 s - a scroll of noise {unknown}
 v - a scroll of random uselessness {unknown}
 w - a scroll of enchant armour {unknown}
Potions
 e - a potion of magic {unknown}
 h - 3 potions of curing {unknown}
 k - a potion of experience {unknown}
 m - 2 potions of brilliance {unknown}
 n - a potion of cancellation {unknown}
 p - a potion of flight {unknown}
 t - a potion of cure mutation {unknown}
Comestibles
 f - a bread ration


   Skills:
 - Level 1.5 Fighting
 - Level 4.0 Crossbows
 - Level 3.0 Dodging
 + Level 9.2 Stealth


You had 4 spell levels left.
You didn't know any spells.

Dungeon Overview and Level Annotations

Branches:
Dungeon (4/15)             Temple (1/1) D:4

Altars:
Elyvilon
Gozag
Hepliaklqana
Kikubaaqudgha
Nemelex Xobeh
Pakellas
Qazlal
Ru
Trog


Innate Abilities, Weirdness & Mutations

You are tiny and cannot use many weapons and most armour.
You have supernaturally acute eyesight. (SInv)
You are a herbivore.
You cover ground extremely quickly.
You need consume almost no food.


Message History

The phantom hits you!
* * * LOW HITPOINT WARNING * * *
You see here a bolt.
d - a bolt The phantom closely misses you.
A jackal comes into view.
Firing (i - inventory):
d - a bolt (quivered)
Press: ? - help, Shift-Dir - straight line, f/p - phantom
Aim: a phantom (heavily damaged)
You shoot a bolt. The jackal barks!
The bolt hits the phantom.
The phantom is severely damaged.
The jackal misses you. The phantom completely misses you.
The jackal closely misses you.
Firing (i - inventory): No suitable missiles.
Press: ? - help, Shift-Dir - straight line, f/p - phantom
Aim: a phantom (severely damaged)
Okay, then.
Are you sure you want to abandon this character and quit the game? (Confirm with "yes".)

#.# #.# #.# #.# #. ##
#.# ##.. ...### #.##
##.... #..(..###
###..##.....#
#.....####....#.....#
#(.@W(..h.#.....#
##..h#######...##
#...## ##.## #((.###
##.##### #...#
#...... #..## ##.....
..# #.#### ## #.# #.#


You could see a phantom and 2 jackals.

Vanquished Creatures
  A scorpion (D:4)
  2 orc wizards
  Terence (D:3)
  3 adders (D:2)
  3 worms
  2 dart slugs
  4 giant geckos
  6 orcs
  4 giant cockroaches
  7 hobgoblins
  4 jackals
  8 bats
  2 giant newts (D:2)
  4 goblins
  3 kobolds
  8 rats
62 creatures vanquished.

Notes
Turn   | Place    | Note
-------+----------+-------------------------------------------
     0 | D:1      | Jmtri7 the Spriggan Hunter began the quest for the Orb.
     0 | D:1      | Reached XP level 1. HP: 10/10 MP: 2/2
    35 | D:1      | Reached skill level 2 in Stealth
    81 | D:1      | Reached skill level 3 in Stealth
    95 | D:1      | Reached XP level 2. HP: 14/14 MP: 3/3
   451 | D:1      | Reached skill level 4 in Stealth
   873 | D:2      | Reached XP level 3. HP: 18/18 MP: 4/4
   889 | D:2      | Reached skill level 5 in Stealth
   964 | D:2      | Reached skill level 6 in Stealth
  1071 | D:2      | Reached XP level 4. HP: 21/22 MP: 5/5
  1479 | D:3      | Noticed Terence
  1494 | D:3      | Killed Terence
  1494 | D:3      | Reached skill level 7 in Stealth
  1753 | D:3      | Reached skill level 8 in Stealth
  1753 | D:3      | Reached XP level 5. HP: 15/25 MP: 6/6
  1917 | D:4      | Found a staircase to the Ecumenical Temple.
  1948 | Temple   | Entered the Ecumenical Temple
  1978 | Temple   | Became a worshipper of Qazlal Stormbringer
  2324 | D:4      | Noticed a phantom
  2326 | D:4      | Reached skill level 9 in Stealth
  2347 | D:4      | Quit the game

Vault maps used:
D:1:      onia_arrival_pyramid
D:3:      grunt_decor_resistance, grunt_ministairs_2, minmay_misc_feat_tiny,
          hangedman_decor_growths, minmay_liquid_box, uniq_terence
Temple:   minmay_crystal_snake_temple

Skill      XL: |  1  2  3  4  5 |
---------------+----------------+-----
Stealth        | 3 4 6 8 9 |  9.2
Fighting       | |  1.5
Crossbows      | |  4.0
Dodging        | |  3.0

Action                   |  1- 3 |  4- 6 || total
-------------------------+-------+-------++-------
 Fire: Hand crossbow     |    78 |    87 ||   165
Armor: Robe              |     2 |     2 ||     4
Dodge: Dodged            |    15 |    47 ||    62
